 Dungeon Sprint DCSS version 0.26-a0-663-g36e8fdb655 (webtiles) character file.

Game seed: 6671219547454822605

1363 Conn the Thaumaturge (level 12, 0/74 HPs)
             Began as an Octopode Hedge Wizard on Oct 10, 2020.
             Was the Champion of Vehumet.
             Slain by an entropy weaver (13 damage)
             ... in the Dungeon (Sprint VI: "Thunderdome").
             The game lasted 00:28:13 (1436 turns).

Conn the Thaumaturge (Octopode Hedge Wizard)        Turns: 1436, Time: 00:28:17

Health: 0/74       AC:  5    Str: 15    XL:     12   Next: 77%
Magic:  6/30       EV: 16    Int: 25    God:    Vehumet [******]
Gold:   98         SH: 12    Dex: 13    Spells: 14/39 levels left

rFire    + + .     SeeInvis .   a - +0 dagger (drain)
rCold    + + +     Faith    .   v - +3 buckler of Music {rC+++ MR- Str-3 Stlth+}
rNeg     . . .     Spirit   .   u - +0 hat of Inviolability {Str+5 Stlth-}
rPois    +         Reflect  +   o - amulet "Jussad" {Reflect Int+2 Dex+2 SH+5}
rElec    +         Harm     .   m - ring "Deahoty" {Fire rElec}
rCorr    +         Rampage  .   n - ring "Juxkin" {Str+6 Dex+2 Stlth+}
MR       +....     NoTele   +   p - ring of the Lotus Blossom {+Fly Str+2 Slay+2}
Stlth    +++++.....             h - ring "Qeticilom" {rC++ Str-4} (curse)
HPRegen  0.22/turn              q - ring of Rono Butwi {rPois Str+4 Slay+2}
MPRegen  0.22/turn              r - ring "Mesaon" {*Corrode rC+ MR++ AC+4}
                                s - ring "Bituly" {rF+ rCorr}
                                t - ring "Lodips" {rElec Str-4 Int+2 Dex-3} (curse)

@: no status effects
A: almost no armour, stealthy swim, amphibious, 8 rings, constrict 8, camouflage
1, gelatinous body 1
}: 1/15 runes: decaying
a: Renounce Religion, Evoke Flight


You were in the Dungeon.
You worshipped Vehumet.
Vehumet was exalted by your worship.
You visited 1 branch You collected 1650 gold pieces.
You spent 1552 gold pieces at shops.

Inventory:

Hand Weapons
 a - a +0 dagger of draining (weapon)
Armour
 b - a +0 hat
 u - the +0 hat of Inviolability (worn) {Str+5 Stlth-}
   (You bought it in a shop in the Dungeon)

   It affects your strength (+5).
   It makes you less stealthy.
 v - the +3 buckler of Music (worn) {rC+++ MR- Str-3 Stlth+}
   (You bought it in a shop in the Dungeon)

   It affects your strength (-3).
   It renders you almost immune to cold.
   It affects your resistance to hostile enchantments.
   It makes you more stealthy.
Magical Staves
 l - an uncursed staff of earth
Jewellery
 h - the cursed ring "Qeticilom" (on tentacle) {rC++ Str-4}
   (You bought it in a shop in the Dungeon)

   [ring of strength]

   It affects your strength (-4).
   It greatly protects you from cold.
   It has a curse placed upon it.
 m - the ring "Deahoty" (left tentacle) {Fire rElec}
   (You bought it in a shop in the Dungeon)

   [ring of fire]

   It enhances your fire magic.
   It protects you from fire.
   It makes you vulnerable to cold.
   It insulates you from electricity.
 n - the ring "Juxkin" (right tentacle) {Str+6 Dex+2 Stlth+}
   (You bought it in a shop in the Dungeon)

   [ring of strength]

   It affects your strength (+6).
   It affects your dexterity (+2).
   It makes you more stealthy.
 o - the amulet "Jussad" (around mantle) {Reflect Int+2 Dex+2 SH+5}
   (You bought it in a shop in the Dungeon)

   [amulet of reflection]

   It shields you and reflects attacks.
   It affects your intelligence (+2).
   It affects your dexterity (+2).
   It affects your SH (+5).
 p - the ring of the Lotus Blossom (on tentacle) {+Fly Str+2 Slay+2}
   (You bought it in a shop in the Dungeon)

   [ring of flight]

   It affects your strength (+2).
   It affects your accuracy and damage with ranged weapons and melee attacks
   (+2).
   It lets you fly.
 q - the ring of Rono Butwi (on tentacle) {rPois Str+4 Slay+2}
   (You bought it in a shop in the Dungeon)

   [ring of poison resistance]

   It affects your strength (+4).
   It affects your accuracy and damage with ranged weapons and melee attacks
   (+2).
   It protects you from poison.
 r - the ring "Mesaon" (on tentacle) {*Corrode rC+ MR++ AC+4}
   (You bought it in a shop in the Dungeon)

   [ring of protection]

   It affects your AC (+4).
   It protects you from cold.
   It affects your resistance to hostile enchantments.
   It may corrode you when you take damage.
 s - the ring "Bituly" (on tentacle) {rF+ rCorr}
   (You bought it in a shop in the Dungeon)

   [ring of resist corrosion]

   It protects you from fire.
   It provides partial protection from all sources of acid and corrosion.
 t - the cursed ring "Lodips" (on tentacle) {rElec Str-4 Int+2 Dex-3}
   (You bought it in a shop in the Dungeon)

   [ring of strength]

   It affects your strength (-4).
   It affects your intelligence (+2).
   It affects your dexterity (-3).
   It insulates you from electricity.
   It has a curse placed upon it.
Wands
 c - a wand of acid (3)
 j - a wand of iceblast (1)
Scrolls
 i - 4 scrolls of blinking
 k - 3 scrolls of fog
Potions
 e - 3 potions of heal wounds
 f - 3 potions of haste
 g - a potion of magic


   Skills:
 + Level 3.7 Fighting
 + Level 6.6 Short Blades
 + Level 6.8 Dodging
 - Level 5.3 Stealth
 * Level 2.4 Shields
 * Level 14.4 Spellcasting
 * Level 11.8 Conjurations
 + Level 5.4 Summonings
 + Level 7.4 Translocations
 + Level 7.3 Fire Magic
 + Level 7.9 Ice Magic
 + Level 7.5 Air Magic
 - Level 2.1 Poison Magic
 + Level 2.3 Evocations


You had 14 spell levels left.
You knew the following spells:

 Your Spells              Type           Power        Failure   Level
a - Magic Dart            Conj           ####         1%          1
b - Freeze                Ice            ####         1%          1
c - Blink                 Tloc           N/A          1%          2
d - Call Imp              Summ           #####...     1%          2
e - Conjure Flame         Conj/Fire      #######.     1%          3
f - Mephitic Cloud        Conj/Pois/Air  ######..     1%          3
g - Hailstorm             Conj/Ice       ######..     1%          4
h - Sticky Flame          Conj/Fire      #######.     1%          4
i - Fireball              Conj/Fire      #######...   1%          5

Your spell library contained the following spells:

 Spells                   Type           Power        Failure   Level
 Slow                     Hex            ###.....     5%          2


Dungeon Overview and Level Annotations

Branches:
Dungeon (1/1)

Altars:
Cheibriados
Dithmenos
Fedhas
Gozag
Kikubaaqudgha
Makhleb
Okawaru
Qazlal
Ru
Sif Muna
Trog
Uskayaw
Vehumet
Wu Jian
Xom
Yredelemnul
Zin
The Shining One
Beogh
Jiyva
Lugonu

Shops:
D *[??*?*:[((!!!!


Innate Abilities, Weirdness & Mutations

You cannot wear most types of armour.
You are very stealthy in the water. (Stealth+)
You are amphibious.
You can wear up to eight rings at the same time.
You can use your tentacles to constrict eight enemies at once.
Your skin changes colour to match your surroundings (Stealth+).
Your rubbery body absorbs attacks. (AC +1, EV +1)


Message History

The entropy weaver hits you!
* * * LOW HITPOINT WARNING * * *
The entropy weaver hits you!
* * * LOW HITPOINT WARNING * * *
You release your grip on the phase spider.
The phase spider is engulfed in blazing flames.
The phase spider is engulfed in noxious fumes.
The phase spider appears confused.
The entropy weaver seems less confused.
Casting: Blink (safe; 1% risk of failure)
Confirm with . or Enter, or press ? or * to list all spells.
Okay, then.
You feel much better. The entropy weaver hits you!
* * * LOW HITPOINT WARNING * * *
The entropy weaver hits you!
* * * LOW HITPOINT WARNING * * *
You block the entropy weaver's attack. The entropy weaver barely misses you.
The phase spider seems to be having trouble coordinating all eight of its legs.
The entropy weaver hits you!
You die...

##.....## ##∩.....∩##
#∩.......∩# #_........#
#_......._# #_......._#
###.........###
#⌠...........⌠#
######@8..s......8.####
##.___.B....###......___
###∩...)...°8.# #.8.......
##...........§s###.........
#⌠.........†###..)###......
#⌠..........# #.<.# #...†..
#⌠..........###...###......
##......÷......###......†..
###∩........8.# #.8.†....†


You could see an entropy weaver, a phase spider (confused, drained) and a
tarantella.

Vanquished Creatures
  the Lernaean hydra (D)
  An alligator (D)
  A wolf spider (D)
  2 queen bees (D)
  A tyrant leech (D)
  A bog body (D)
  2 fire bats (D)
  A fire elemental (D)
  Grum (D)
  A vampire mosquito (D)
  An insubstantial wisp (D)
  5 hell hounds (D)
  8 dwarves (D)
  2 swamp drakes (D)
  A phantom (D)
  An ogre (D)
  4 wolves (D)
  A scorpion (D)
  6 killer bees (D)
  4 vampire bats (D)
  2 jellies (D)
  A hound (D)
  3 oozes (D)
  2 giant cockroaches (D)
  A hobgoblin (D)
54 creatures vanquished.

Vanquished Creatures (collateral kills)
  2 vampire bats (D)
  A jelly (D)
3 creatures vanquished.

Grand Total: 57 creatures vanquished

Notes
Turn   | Place    | Note
-------+----------+-------------------------------------------
     0 | D        | Conn the Octopode Hedge Wizard began the quest for the Orb.
     0 | D        | Reached XP level 1. HP: 11/11 MP: 4/4
     1 | D        | Found a corrupted altar of Lugonu.
     1 | D        | Found a burning altar of Makhleb.
     2 | D        | Found a sacrificial altar of Ru.
     3 | D        | Found an ancient bone altar of Kikubaaqudgha.
     3 | D        | Found a stormy altar of Qazlal.
     4 | D        | Found Ymotah's Identification Station.
     4 | D        | Found a radiant altar of Vehumet.
     4 | D        | Found a viscous altar of Jiyva.
     5 | D        | Found Maweow's Advanced Armour.
     5 | D        | Found Wisab's Jewellery.
     5 | D        | Round 1.
     9 | D        | Found an iron altar of Okawaru.
    13 | D        | Became a worshipper of Vehumet
    21 | D        | Noticed an ogre
    29 | D        | Killed an ogre
    29 | D        | Reached skill level 7 in Spellcasting
    29 | D        | Reached XP level 2. HP: 16/17 MP: 0/10
    29 | D        | Reached XP level 3. HP: 20/21 MP: 0/11
    29 | D        | Reached XP level 4. HP: 26/27 MP: 0/13
    45 | D        | Bought a vibrating amber ring for 45 gold pieces
    45 | D        | Bought an ancient steel ring for 45 gold pieces
    45 | D        | Bought a heavily runed sapphire amulet for 45 gold pieces
    45 | D        | Bought a glittering iron ring for 45 gold pieces
    45 | D        | Identified the ring "Deahoty" {Fire rElec} (You bought it
                  | in a shop in the Dungeon)
    46 | D        | Identified the ring "Juxkin" {Str+6 Dex+2 Stlth+} (You
                  | bought it in a shop in the Dungeon)
    52 | D        | Identified the amulet "Jussad" {Reflect Int+2 Dex+2 SH+5}
                  | (You bought it in a shop in the Dungeon)
    52 | D        | Identified the ring of the Lotus Blossom {+Fly Str+2
                  | Slay+2} (You bought it in a shop in the Dungeon)
    58 | D        | Found an opulent altar of Gozag.
    60 | D        | Found Guzulump's Premium Goods.
    61 | D        | Found a shadowy altar of Dithmenos.
    61 | D        | Found a roughly hewn altar of Beogh.
    61 | D        | Found Toemp's Weapon Rack.
    61 | D        | Found Vontaxej's Miscellaneous Merchandise.
    61 | D        | Found Siughoigh's Basic Armour.
    70 | D        | Reached * piety under Vehumet
    70 | D        | Offered knowledge of Freeze by Vehumet.
    70 | D        | Reached skill level 8 in Spellcasting
    70 | D        | Reached skill level 1 in Evocations
    70 | D        | Reached XP level 5. HP: 31/31 MP: 3/15
    71 | D        | Noticed a phantom
    95 | D        | Killed a phantom
    95 | D        | Reached ** piety under Vehumet
    95 | D        | Arena points: 14 (+14) [x2]
    95 | D        | Reached skill level 1 in Short Blades
    95 | D        | Reached skill level 5 in Stealth
    95 | D        | Reached skill level 9 in Spellcasting
   102 | D        | Learned a level 1 spell: Freeze
   105 | D        | Learned a level 2 spell: Blink
   108 | D        | Learned a level 2 spell: Call Imp
   112 | D        | Learned a level 3 spell: Conjure Flame
   116 | D        | Learned a level 3 spell: Mephitic Cloud
   116 | D        | Round 2.
   122 | D        | Offered knowledge of Sandblast by Vehumet.
   122 | D        | Reached XP level 6. HP: 34/36 MP: 1/18
   143 | D        | Reached skill level 1 in Poison Magic
   147 | D        | Found a basalt altar of Yredelemnul.
   148 | D        | Found a hide-covered altar of Uskayaw.
   149 | D        | Found Ussaib's Magic Scroll Shop.
   150 | D        | Found a shimmering blue altar of Sif Muna.
   150 | D        | Found a shimmering altar of Xom.
   150 | D        | Found Oskickut's Staff Store.
   150 | D        | Found Xail's Magic Scroll Shop.
   150 | D        | Found Yrymat's Must-Have Magic.
   154 | D        | Found a glowing silver altar of Zin.
   157 | D        | Found a blossoming altar of Fedhas.
   157 | D        | Found a glowing golden altar of the Shining One.
   158 | D        | Found Cikarith's Distillery.
   159 | D        | Found Ryprul's Distillery.
   159 | D        | Found Jaojouqu's Bottled Wisdom.
   160 | D        | Found a snail-covered altar of Cheibriados.
   160 | D        | Found an ornate altar of the Wu Jian Council.
   160 | D        | Found a bloodstained altar of Trog.
   160 | D        | Found Vaffikk's Do-It-Yourself Clinic.
   179 | D        | Reached skill level 1 in Ice Magic
   201 | D        | Reached *** piety under Vehumet
   201 | D        | Reached skill level 1 in Fire Magic
   201 | D        | Reached skill level 1 in Air Magic
   233 | D        | Reached skill level 5 in Dodging
   238 | D        | Arena points: 56 (+42) [x3]
   238 | D        | Reached skill level 10 in Spellcasting
   246 | D        | Bought a glittering tin ring for 45 gold pieces
   246 | D        | Bought a steaming platinum ring for 45 gold pieces
   246 | D        | Identified the cursed ring "Qeticilom" {rC++ Str-4} (You
                  | bought it in a shop in the Dungeon)
   247 | D        | Identified the ring of Rono Butwi {rPois Str+4 Slay+2} (You
                  | bought it in a shop in the Dungeon)
   302 | D        | Round 3.
   306 | D        | Offered knowledge of Static Discharge by Vehumet.
   307 | D        | Reached **** piety under Vehumet
   309 | D        | Reached XP level 7. HP: 42/42 MP: 13/20
   318 | D        | Arena points: 140 (+84) [x4]
   326 | D        | Bought a crude bone ring for 45 gold pieces
   326 | D        | Bought a scintillating granite ring for 45 gold pieces
   326 | D        | Identified the ring "Mesaon" {*Corrode rC+ MR++ AC+4} (You
                  | bought it in a shop in the Dungeon)
   327 | D        | Identified the ring "Bituly" {rF+ rCorr} (You bought it in
                  | a shop in the Dungeon)
   373 | D        | Round 4.
   374 | D        | Noticed Grum
   389 | D        | Killed Grum
   389 | D        | Reached ***** piety under Vehumet
   429 | D        | Reached skill level 11 in Spellcasting
   429 | D        | Reached XP level 8. HP: 44/47 MP: 21/23
   441 | D        | Reached skill level 1 in Fighting
   474 | D        | Offered knowledge of Dazzling Flash by Vehumet.
   477 | D        | Arena points: 300 (+160) [x5]
   477 | D        | Reached skill level 5 in Ice Magic
   523 | D        | Round 5.
   545 | D        | Noticed the 27-headed Lernaean hydra
   572 | D        | Noticed an eight-headed hydra
   579 | D        | Noticed a bog body
   581 | D        | Killed the 27-headed Lernaean hydra
   581 | D        | Arena points: 545 (+245) [x7]
   581 | D        | Reached skill level 5 in Short Blades
   581 | D        | Reached skill level 12 in Spellcasting
   581 | D        | Reached XP level 9. HP: 53/57 MP: 14/25
   581 | D        | Reached XP level 10. HP: 58/63 MP: 14/26
   582 | D        | Got a decaying rune of Zot
   593 | D        | Reached XP level 11. HP: 63/67 MP: 16/27
   605 | D        | Bought a faintly glowing iron ring for 45 gold pieces
   607 | D        | Identified the cursed ring "Lodips" {rElec Str-4 Int+2
                  | Dex-3} (You bought it in a shop in the Dungeon)
   612 | D        | Bought a warped hat for 315 gold pieces
   622 | D        | Identified the +0 hat of Inviolability {Str+5 Stlth-} (You
                  | bought it in a shop in the Dungeon)
   754 | D        | Round 6.
   762 | D        | Offered knowledge of Hailstorm by Vehumet.
   768 | D        | Learned a level 4 spell: Hailstorm
   773 | D        | Offered knowledge of Iskenderun's Mystic Blast by Vehumet.
   799 | D        | Reached skill level 13 in Spellcasting
   799 | D        | Reached skill level 5 in Summonings
   808 | D        | Arena points: 929 (+384) [x8]
   823 | D        | Bought a steaming buckler for 332 gold pieces
   823 | D        | Round 7.
   824 | D        | Noticed an oklob plant
   828 | D        | Identified the +3 buckler of Music {rC+++ MR- Str-3 Stlth+}
                  | (You bought it in a shop in the Dungeon)
   857 | D        | Reached ****** piety under Vehumet
   919 | D        | Offered knowledge of Sticky Flame by Vehumet.
   943 | D        | Learned a level 4 spell: Sticky Flame
   972 | D        | Arena points: 992 (+63) [x1]
   987 | D        | Round 8.
  1012 | D        | Noticed an alligator
  1032 | D        | Killed an alligator
  1032 | D        | Reached skill level 1 in Shields
  1032 | D        | Reached skill level 10 in Conjurations
  1112 | D        | Reached skill level 14 in Spellcasting
  1146 | D        | Arena points: 1120 (+128) [x2]
  1160 | D        | Bought a potion of experience for 300 gold pieces
  1162 | D        | Reached XP level 12. HP: 70/72 MP: 7/30
  1183 | D        | Round 9.
  1228 | D        | Offered knowledge of Fireball by Vehumet.
  1235 | D        | Learned a level 5 spell: Fireball
  1345 | D        | Arena points: 1363 (+243) [x3]
  1375 | D        | Bought a scroll of brand weapon for 200 gold pieces
  1386 | D        | Round 10.
  1423 | D        | Noticed an entropy weaver
  1433 | D        | HP: 3/74 [entropy weaver (15)]
  1436 | D        | Slain by an entropy weaver

Illustrated notes

Levels and vault maps discovered:
D:        arena_sprint

Skill      XL: |  1  2  3  4  5  6  7  8  9 10 11 12 |
---------------+-------------------------------------+-----
Dodging        | 3 4 5 6 |  6.8
Stealth        | 4 5 |  5.3
Spellcasting   | 7 8 9 10 11 12 14 | 14.4
Evocations     | 1 2 |  2.3
Short Blades   | 1 2 5 6 |  6.6
Conjurations   | 2 3 4 6 9 11 | 11.8
Poison Magic   | 2 |  2.1
Ice Magic      | 2 4 7 |  7.9
Fire Magic     | 2 3 7 |  7.3
Air Magic      | 2 4 7 |  7.5
Translocations | 2 4 7 |  7.4
Fighting       | 3 |  3.7
Summonings     | 4 5 |  5.4
Shields        | 1 2 |  2.4

Action                   |  1- 3 |  4- 6 |  7- 9 | 10-12 || total
-------------------------+-------+-------+-------+-------++-------
Melee: Dagger            |     4 |    12 |    27 |    78 ||   121
       Constrict         |     1 |     3 |     8 |    17 ||    29
       Tentacles         |       |     8 |     7 |    23 ||    38
 Cast: Magic Dart        |     3 |    29 |     9 |    50 ||    91
       Call Imp          |       |     2 |     9 |     3 ||    14
       Freeze            |       |       |     3 |     9 ||    12
       Conjure Flame     |       |       |     6 |     1 ||     7
       Mephitic Cloud    |       |       |     2 |    19 ||    21
       Hailstorm         |       |       |       |     6 ||     6
       Sticky Flame      |       |       |       |     3 ||     3
       Blink             |       |       |       |     3 ||     3
Evoke: Wand              |     2 |     2 |       |     2 ||     6
  Use: Potion            |       |     1 |     3 |     4 ||     8
       Scroll            |       |       |       |     1 ||     1
 Stab: Confused          |       |       |     2 |    12 ||    14
       Distracted        |       |       |     1 |       ||     1
Armor: Skin              |     1 |     2 |     1 |     4 ||     8
Dodge: Dodged            |     2 |     8 |    29 |    39 ||    78
Block: Other             |       |     2 |     6 |       ||     8
       Buckler           |       |       |       |    34 ||    34

Table legend: (Time is in decaauts)
 A = Elapsed time spent in this place.
 B = Non-inter-level travel time spent in this place.
 C = Inter-level travel time spent in this place.
 D = Time resting spent in this place.
 E = Time spent auto-exploring this place.
 F = Levels seen in this place.
 G = Mean time per level.
                   A        B        C        D        E       F      G
               +--------+--------+--------+--------+--------+-----+--------+
         Total |   1395 |   1395 |      0 |    115 |     48 |   1 | 1395.0 |
       Dungeon |   1395 |   1395 |      0 |    115 |     48 |   1 | 1395.0 |
               +--------+--------+--------+--------+--------+-----+--------+

Top non-repeatable levels by time:
       D: 1395 daAuts
